 Dungeon Crawl Stone Soup version 0.32-a0-411-g744942f433 (webtiles) character file.

Game seed: 18198013632418569718

3 Bravepunisher the Ducker (level 1, -13/11 HPs)
             Began as a Spriggan Monk on Feb 21, 2024.
             Killed by divine providence
             ... invoked by an orc priest
              (14 damage)
             ... on level 3 of the Dungeon.
             The game lasted 00:00:26 (70 turns).

Bravepunisher the Ducker (Spriggan Monk)              Turns: 70, Time: 00:00:26

Health: -13/11     AC:  2    Str:  7    XL:     1   Next: 41%
Magic:  2/2        EV: 19    Int: 11    God:
Gold:   0          SH:  0    Dex: 17    Spells: 0/0 levels left

rFire   . . .        a - +0 short sword
rCold   . . .        (no shield)
rNeg    . . .        b - +0 robe
rPois   .            (helmet restricted)
rElec   .            (no cloak)
rCorr   .            (gloves unavailable)
SInv    +            (boots unavailable)
Will    .....        (no amulet)
Stlth   +            (no ring)
HPRegen 0.21/turn    (no ring)
MPRegen 0.08/turn

%: no passive effects
@: confused, very quick
A: very small, no large weapons, unfitting armour, see invisible, speed 3
a: Convert to Beogh


You were on level 3 of the Dungeon.
You visited 1 branch of the dungeon, and saw 3 of its levels.

Inventory:

Hand Weapons
 a - a +0 short sword (weapon)
Armour
 b - a +0 robe (worn)
Potions
 c - a potion of ambrosia


   Skills:
 + Level 2.5 Fighting
 - Level 3.2 Short Blades
 * Level 4.2 Dodging


You couldn't memorise any spells.
You didn't know any spells.
Your spell library was empty.

Dungeon Overview and Level Annotations

Branches:
Dungeon (3/15)

Altars:


Innate Abilities, Weirdness & Mutations

You are very small and have problems with some larger weapons.
You are too small for most types of armour.
You have supernaturally acute eyesight. (SInv)
You cover ground extremely quickly. (Speed+++)


Message History

Found a stone staircase leading down.
The hobgoblin shouts!
The hobgoblin falls through a shaft!
The shaft crumbles and collapses.
Found a cloak.
Found 5 boomerangs.
The ball python hisses angrily.
A hobgoblin comes into view.
The hobgoblin shouts!
You hear a shout!
There is a stone staircase leading down here.
The kobold throws a stone.
The stone closely misses you.
You climb downwards.
There is a stone staircase leading up here.
A hobgoblin comes into view.
The helpless hobgoblin fails to defend itself.
You puncture the hobgoblin!
You kill the hobgoblin!
You open the door.
A kobold comes into view. It is wielding a +0 dagger.
There is an open door here.
The helpless kobold fails to defend itself.
You puncture the kobold!
You kill the kobold!
You enter a teleport trap!
The teleport trap disappears.
Your surroundings suddenly seem different.
An orc priest, an orc wizard and 2 orcs come into view.
The orc wizard shouts!
The orc priest shouts!
The orc wizard casts a spell at you. You resist with significant effort.
The orc shouts!
The orc wizard casts a spell at you.
You are confused.
You bump into the rock wall.
The orc wizard gestures at you while chanting.
The magic dart hits you!
Ouch! That really hurt!
* * * LOW HITPOINT WARNING * * *
The orc priest mumbles some strange prayers to Beogh against you.
Beogh smites you!
Ouch! That really hurt!
You die...

#.........#
#.........#
##.........#
##...o..o...#
............#
#.....o...#
#.....o...#
#.........#
#....@....#
###########


You could see an orc priest, an orc wizard and 2 orcs.

Vanquished Creatures
  A hobgoblin (D:3)
  A kobold (D:3)
2 creatures vanquished.

Notes
Turn   | Place    | Note
-------+----------+-------------------------------------------
     0 | D:1      | Bravepunisher the Spriggan Monk began the quest for the
                  | Orb.
     0 | D:1      | Reached XP level 1. HP: 11/11 MP: 2/2
    63 | D:3      | Noticed an orc priest
    63 | D:3      | Noticed an orc wizard
    70 | D:3      | Killed from afar by an orc priest

Illustrated notes

Levels and vault maps discovered:
D:1:      minmay_arrival_jagged, layout_loops_ring, minmay_domino_2
D:2:      minmay_evil_eye, layout_rooms, serial_shops, shop
D:3:      layout_basic, uniq_sigmund

Action                     || total
---------------------------++-------
  Melee: Short sword       ||     2
   Stab: Sleeping          ||     2
 Armour: Robe              ||     1
  Dodge: Dodged            ||     1

Table legend: (Time is in decaauts)
 A = Elapsed time spent in this place.
 B = Non-inter-level travel time spent in this place.
 C = Inter-level travel time spent in this place.
 D = Time resting spent in this place.
 E = Time spent auto-exploring this place.
 F = Levels seen in this place.
 G = Mean time per level.
                   A        B        C        D        E       F      G
               +--------+--------+--------+--------+--------+-----+--------+
         Total |     46 |     46 |      0 |      0 |     15 |   3 |   15.3 |
       Dungeon |     46 |     46 |      0 |      0 |     15 |   3 |   15.3 |
               +--------+--------+--------+--------+--------+-----+--------+

Top non-repeatable levels by time:
     D:3: 27 daAuts
     D:1: 10 daAuts
     D:2: 8 daAuts
